 Dungeon Crawl Stone Soup version bcrawl-1.19-7-g22fd707d3b (webtiles) character file.

Game seed: 18253946739219411444

28280 Bnni the Warrior (level 13, -2/132 HPs)
             Began as a Hill Orc Archaeologist on Nov 19, 2019.
             Was the Champion of Okawaru.
             Slain by a five-headed hydra (8 damage)
             ... summoned by a boggart
             ... on level 12 of the Dungeon on Nov 20, 2019.
             The game lasted 00:29:51 (12148 turns).

Bnni the Warrior (Hill Orc Archaeologist)          Turns: 12148, Time: 00:29:52

Health: -2/132     AC: 17    Str: 19    XL:     13   Next: 37%
Magic:  18/19      EV: 15    Int: 14    God:    Okawaru [******]
Gold:   633        SH:  6    Dex: 15    Spells: 12/12 levels left

rFire    . . .     SeeInvis .   f - +7 Singing Sword {slice}
rCold    . . .     Gourm    .   (no shield)
rNeg     . . .     Faith    .   j - +0 plate armour
rPois    +         Spirit   .   (no helmet)
rElec    .         Reflect  .   J - +1 cloak {rPois}
rCorr    .         Harm     .   (no gloves)
MR       .....                  d - +2 pair of boots
Stlth    ..........             (no amulet)
HPRegen  0.32/turn              l - +6 ring of dexterity
MPRegen  0.16/turn              o - +6 ring of evasion

@: vulnerable, heroism, singing, very slightly contaminated, invisible
(expiring)
A: mutation resistance 1
a: Heroism, Finesse, Renounce Religion


You were on level 12 of the Dungeon.
You worshipped Okawaru.
Okawaru was exalted by your worship.
You were not hungry.

You visited 1 branch of the dungeon, and saw 12 of its levels.
You also visited: Sewer and Ossuary.

You collected 818 gold pieces.
You spent 185 gold pieces at shops.

Inventory:

Hand Weapons
 f - the +7 Singing Sword (weapon) {slice}

   It inflicts extra damage upon your enemies.
 m - a +3 triple sword of electrocution
 F - a +2 battleaxe of draining
 H - a +0 scimitar of flaming
 P - a +0 arbalest of flaming
Missiles
 B - 4 throwing nets (quivered) {!f}
 N - 330 bolts
Armour
 c - a +1 hat
 d - a +2 pair of boots (worn)
 j - a +0 plate armour (worn)
 J - a +1 cloak of poison resistance (worn)
 M - the +1 helmet "Pelips" {rF- rC+ Int+3}
   (Okawaru gifted it to you on level 11 of the Dungeon)

   It affects your intelligence (+3).
   It makes you vulnerable to fire.
   It protects you from cold.
Jewellery
 l - a +6 ring of dexterity (left hand)
 o - a +6 ring of evasion (right hand)
 D - an uncursed ring of see invisible
Wands
 b - a wand of random effects (17)
 n - a wand of enslavement (7)
 r - a wand of paralysis (9)
 E - a wand of flame (12)
 I - a wand of polymorph (15)
 L - a wand of iceblast (12)
Scrolls
 i - a scroll of enchant weapon
 p - 5 scrolls of identify
 q - 2 scrolls of blinking
 u - 4 scrolls of magic mapping
 y - 3 scrolls of teleportation
 G - a scroll of amnesia
 O - a scroll of remove curse
Potions
 a - 9 potions of flight
 e - 3 potions of curing
 h - 2 potions of haste
 k - 2 potions of might
 v - 2 potions of brilliance
 w - 2 potions of lignification
 x - 2 potions of berserk rage
 z - 4 potions of mutation
 A - a potion of magic
 C - a potion of ambrosia
Comestibles
 g - 21 rations {!d}


   Skills:
 * Level 17.3(22.3) Fighting
   Level 17.3(22.3) Short Blades
   Level 17.3(22.3) Long Blades
   Level 17.3(22.3) Axes
   Level 17.3(22.3) Maces & Flails
   Level 17.3(22.3) Polearms
   Level 17.3(22.3) Staves
 - Level 2.4(7.4) Dodging
 - Level 2.6(7.6) Stealth
   Level 17.3(22.3) Unarmed Combat
 - Level 8.0 Invocations


You had 12 spell levels left.
You didn't know any spells.
Your spell library contained the following spells:

 Spells                   Type           Power        Failure   Level  Hunger
 Sting                    Conj/Pois      #...         100%        1    ##.....
 Poisonous Vapours        Pois/Air       #.....       100%        2    ###....
 Ignite Poison            Fire/Tmut/Pois #.......     100%        3    ####...
 Olgreb's Toxic Radiance  Pois           #.......     100%        4    #####..
 Summon Scorpions         Summ/Pois      #.......     100%        4    #####..
 Venom Bolt               Conj/Pois      #.........   100%        5    ######.


Dungeon Overview and Level Annotations

Branches:
Dungeon (12/12)            Temple (0/1) D:6            Lair (0/6) D:8
    Orc (0/1) D:11         Vaults (0/3) D:11
 Depths: D:12

Altars:
Ashenzari
Cheibriados
Elyvilon
Fedhas
Gozag
Hepliaklqana
Kikubaaqudgha
Lugonu
Makhleb
Okawaru
Ru
Sif Muna
Vehumet
Wu Jian
Xom
Zin
The Shining One

Shops:
D:5 *   D:8 !   D:11 ?


Innate Abilities, Weirdness & Mutations

You are somewhat resistant to further mutation.


Message History

You kill the kobold!
The centaur warrior shouts!
The centaur warrior wields a +0 longbow.
The centaur warrior shoots an arrow.
The arrow hits the phantasmal warrior!!
The arrow dissolves into shadows!
The deep elf mage shouts!
The orc shouts!
Something hits you but does no damage. The phantasmal warrior hits you!!
* * * LOW HITPOINT WARNING * * *
Your magical defenses are stripped away!
The centaur warrior shoots an arrow.
The arrow hits the phantasmal warrior!
The arrow dissolves into shadows!
You hear some strange, mumbled words.
Items here: )) [ † a +0 short sword; a +2 battleaxe; a +0 chain mail; a kobold corpse You closely miss something.
The deep elf mage shouts!
The five-headed hydra bites you but does no damage.
The five-headed hydra completely misses you.
The five-headed hydra bites you!
You die...

#.#.# .... #.#)#
...# #.#)# # ...
#.#)# #. ..# #.#)#
#.. (. #.#)# #...
#.###.#.# #....
#.W##D#.#
#.....####W##@#)#
......'.oe{WW{#.#
#.....#####c###.#
#.... #5.##.# #...
##.##.# ### #.##.#
#.##.#
#############.##.#
............#..#.#


You could see a five-headed hydra, a centaur warrior, a phantasmal warrior, a
deep elf mage (wandering), a wraith, a crimson imp and an orc.

Vanquished Creatures
  Harold (D:8)
  A hydra (D:11)
  3 centaur warriors (D:12)
  5 two-headed ogres
  Erica (D:10)
  2 death knights
  2 tengu warriors
  11 skeletal warriors
  An unseen horror (D:12)
  A phantasmal warrior (D:8)
  Pikel (D:7)
  A necromancer (D:11)
  2 cyclopes
  A deep elf mage (D:11)
  An ugly thing (D:12)
  Maurice (D:10)
  Joseph (D:10)
  3 yaktaurs (D:12)
  A freezing wraith (D:8)
  A tengu conjurer (D:12)
  A troll (D:11)
  A hornet (D:10)
  A hippogriff (D:8)
  A wraith (D:12)
  5 yaks (D:10)
  2 hungry ghosts (D:8)
  2 steam dragons
  2 vampire mosquitoes (D:11)
  A water moccasin (D:4)
  3 porcupines (D:8)
  4 orc warriors
  2 black bears (D:8)
  3 ice beasts
  3 phantoms
  A slave (D:7)
  3 sky beasts
  3 ogres
  3 boggarts (D:12)
  7 centaurs
  3 crocodiles
  4 big kobolds
  5 bullfrogs
  A hornet simulacrum (D:8)
  3 scorpions (D:8)
  3 killer bees (D:8)
  4 centaur zombies
  4 howler monkeys
  6 crimson imps
  2 jellies
  2 human zombies (Ossuary)
  A quasit (D:5)
  4 orc priests
  A bullfrog skeleton (D:4)
  4 hounds
  2 centaur skeletons
  6 orc wizards
  Crazy Yiuf (D:7)
  Jessica (D:3)
  3 iguanas
  3 worker ants
  3 hound skeletons
  A hound zombie (D:4)
  2 mummies (Ossuary)
  Robin (D:3)
  8 gnolls
  14 adders
  An ooze (D:2)
  5 adder zombies
  2 worms
  4 dart slugs
  4 leopard geckos
  30 orcs
  A ball python (D:4)
  2 giant cockroaches
  14 goblins
  10 hobgoblins
  4 jackals
  A quokka (D:2)
  8 bats
  8 frilled lizards
  3 goblin zombies (Ossuary)
  11 hobgoblin zombies (Ossuary)
  A jackal skeleton (D:3)
  2 jackal zombies (Ossuary)
  19 kobolds
  7 kobold zombies (Ossuary)
  8 orc zombies (Ossuary)
  10 rats
336 creatures vanquished.

Vanquished Creatures (others)
  3 centaurs
  42 fungi
  20 plants (D:8)
65 creatures vanquished.

Grand Total: 401 creatures vanquished

Notes
Turn   | Place    | Note
-------+----------+-------------------------------------------
     0 | D:1      | Bnni the Hill Orc Archaeologist began the quest for the
                  | Orb.
     0 | D:1      | Reached XP level 1. HP: 15/15 MP: 1/1
    70 | D:1      | Reached skill level 1 in Fighting
   330 | D:1      | Reached XP level 2. HP: 23/23 MP: 2/2
   352 | D:1      | Reached skill level 2 in Fighting
   540 | D:1      | Reached XP level 3. HP: 28/29 MP: 3/3
  1241 | D:2      | Reached skill level 3 in Fighting
  1456 | D:2      | Noticed a sky beast
  1469 | D:2      | Gained mutation: You are somewhat resistant to further
                  | mutation. [potion of mutation]
  1495 | D:2      | Killed a sky beast
  1495 | D:2      | Reached skill level 5 in Fighting
  1495 | D:2      | Reached XP level 4. HP: 13/42 MP: 4/4
  1495 | D:2      | Reached XP level 5. HP: 15/48 MP: 5/5
  1799 | D:2      | Found a white marble altar of Elyvilon.
  1801 | D:2      | Found a snail-covered altar of Cheibriados.
  1863 | D:2      | Found a blossoming altar of Fedhas.
  1877 | D:2      | Found a sacrificial altar of Ru.
  2027 | D:2      | Found a shimmering altar of Xom.
  2145 | D:2      | Found an iron altar of Okawaru.
  2162 | D:2      | Became a worshipper of Warmaster Okawaru
  2192 | D:3      | Found a radiant altar of Vehumet.
  2212 | D:3      | Reached skill level 6 in Fighting
  2254 | D:3      | Found a shimmering blue altar of Sif Muna.
  2255 | D:3      | Noticed Jessica
  2256 | D:3      | Noticed a sky beast
  2268 | D:3      | Killed a sky beast
  2268 | D:3      | Reached XP level 6. HP: 35/58 MP: 6/6
  2270 | D:3      | Killed Jessica
  2287 | D:3      | Reached skill level 7 in Fighting
  2388 | D:3      | Found a glowing drain.
  2403 | D:3      | Reached XP level 7. HP: 37/66 MP: 7/7
  2414 | Sewer    | Entered a sewer
  2563 | Sewer    | Reached * piety under Okawaru
  2585 | Sewer    | Found a white marble altar of Elyvilon.
  2716 | D:3      | Noticed Robin
  2722 | D:3      | Killed Robin
  3211 | D:4      | Reached skill level 8 in Fighting
  3223 | D:4      | Reached skill level 1 in Invocations
  3257 | D:4      | Reached XP level 8. HP: 68/75 MP: 9/9
  3427 | D:4      | Reached ** piety under Okawaru
  3470 | D:4      | Found a corrupted altar of Lugonu.
  3865 | D:5      | Entered Level 5 of the Dungeon
  3882 | D:5      | Found Naban's Assorted Antiques.
  3885 | D:5      | Bought 2 grey potions for 45 gold pieces
  3925 | D:5      | Found a glowing silver altar of Zin.
  3972 | D:5      | Found a white marble altar of Elyvilon.
  3984 | D:5      | Reached skill level 9 in Fighting
  4194 | D:5      | Reached skill level 5 in Invocations
  4345 | D:5      | Found an opulent altar of Gozag.
  4345 | D:5      | Found a shattered altar of Ashenzari.
  4347 | D:5      | Found a burning altar of Makhleb.
  4677 | D:6      | Found a sand-covered staircase.
  4678 | D:6      | Noticed a cyclops
  4682 | Ossuary  | Entered an ossuary
  4841 | Ossuary  | Reached XP level 9. HP: 84/84 MP: 13/13
  4951 | Ossuary  | Reached *** piety under Okawaru
  4994 | D:6      | Killed a cyclops
  4994 | D:6      | Reached skill level 10 in Fighting
  5165 | D:6      | Found a hazy altar of Hepliaklqana.
  5271 | D:6      | Found a staircase to the Ecumenical Temple.
  5355 | D:6      | Found a glowing golden altar of the Shining One.
  5585 | D:7      | Reached **** piety under Okawaru
  5757 | D:7      | Reached skill level 11 in Fighting
  5793 | D:7      | Found a runed door.
  5797 | D:7      | Noticed Crazy Yiuf
  5799 | D:7      | Killed Crazy Yiuf
  5803 | D:7      | Got a warped mace
  5806 | D:7      | Identified the +9 mace of Wealth {crush, MR- Str+7 Int+6}
                  | (You found it on level 7 of the Dungeon)
  5865 | D:7      | Noticed Pikel
  5876 | D:7      | Killed Pikel
  5876 | D:7      | Reached XP level 10. HP: 65/96 MP: 16/16
  6173 | D:8      | Noticed Harold
  6180 | D:8      | Killed Harold
  6189 | D:8      | Reached skill level 12 in Fighting
  6201 | D:8      | Reached ***** piety under Okawaru
  6206 | D:8      | Noticed a cyclops
  6219 | D:8      | Killed a cyclops
  6459 | D:8      | Found Enwuor's Distillery.
  6464 | D:8      | Noticed a two-headed ogre
  6472 | D:8      | Killed a two-headed ogre
  6476 | D:8      | Received a gift from Okawaru
  6480 | D:8      | Reached skill level 13 in Fighting
  6480 | D:8      | Reached XP level 11. HP: 96/107 MP: 17/17
  6493 | D:8      | Bought a potion of haste for 140 gold pieces
  6752 | D:8      | Noticed a phantasmal warrior
  6762 | D:8      | HP: 3/107 [phantasmal warrior[a death knight] (19)]
  6765 | D:8      | Noticed a death knight
  7161 | D:8      | Killed a phantasmal warrior
  7162 | D:8      | Noticed a skeletal warrior
  7185 | D:8      | HP: 5/107 [skeletal warrior/+0 long sword[a death knight]
                  | (16)]
  7573 | D:8      | Killed a skeletal warrior
  7809 | D:8      | Found a staircase to the Lair.
  7941 | D:8      | Killed a death knight
  7941 | D:8      | Reached skill level 14 in Fighting
  8167 | D:9      | Found an ornate altar of the Wu Jian Council.
  8239 | D:9      | Noticed a two-headed ogre
  8245 | D:9      | Killed a two-headed ogre
  8474 | D:9      | Found an ancient bone altar of Kikubaaqudgha.
  8638 | D:9      | Received a gift from Okawaru
  8784 | D:10     | Entered Level 10 of the Dungeon
  9040 | D:10     | Noticed Maurice
  9049 | D:10     | Killed Maurice
  9104 | D:10     | Noticed Joseph
  9110 | D:10     | Killed Joseph
  9256 | D:10     | Reached XP level 12. HP: 118/118 MP: 18/18
  9375 | D:10     | Noticed a tengu warrior
  9382 | D:10     | Killed a tengu warrior
  9382 | D:10     | Reached skill level 15 in Fighting
  9455 | D:10     | Noticed Erica
  9462 | D:10     | Killed Erica
  9462 | D:10     | Reached ****** piety under Okawaru
  9639 | D:11     | Noticed a two-headed ogre
  9644 | D:11     | Killed a two-headed ogre
  9651 | D:11     | Received a gift from Okawaru
  9652 | D:11     | Got a brightly glowing helmet {god gift}
  9663 | D:11     | Identified the +1 helmet "Pelips" {rF- rC+ Int+3} (Okawaru
                  | gifted it to you on level 11 of the Dungeon)
  9730 | D:11     | Found a gate to the Vaults.
  9781 | D:11     | Noticed a four-headed hydra
  9789 | D:11     | Killed a four-headed hydra
  9863 | D:11     | Found a staircase to the Orcish Mines.
  9980 | D:11     | Found Sutostug's Magic Scroll Shop.
 10106 | D:11     | Noticed a two-headed ogre
 10112 | D:11     | Killed a two-headed ogre
 10112 | D:11     | Reached skill level 16 in Fighting
 11061 | D:12     | Entered Level 12 of the Dungeon
 11063 | D:12     | Noticed a centaur warrior
 11064 | D:12     | Noticed a tengu warrior
 11075 | D:12     | Killed a centaur warrior
 11082 | D:12     | Reached XP level 13. HP: 86/130 MP: 19/19
 11483 | D:12     | Reached skill level 17 in Fighting
 11787 | D:12     | Received a gift from Okawaru
 12147 | D:12     | HP: 5/132 [phantasmal warrior[a death knight] (20)]
 12148 | D:12     | Slain by a five-headed hydra

Skill      XL: |  1  2  3  4  5  6  7  8  9 10 11 12 13 |
---------------+----------------------------------------+-----
Fighting       | 1 2 5 6 7 8 9 11 13 14 16 17 | 17.3
Invocations    | 2 5 8 |  8.0
Short Blades   | | 17.3
Long Blades    | | 17.3
Axes           | | 17.3
Maces & Flails | | 17.3
Polearms       | | 17.3
Staves         | | 17.3
Dodging        | |  2.4
Stealth        | |  2.6
Unarmed Combat | | 17.3

Action                   |  1- 3 |  4- 6 |  7- 9 | 10-12 | 13-15 || total
-------------------------+-------+-------+-------+-------+-------++-------
Melee: Mace              |    13 |       |       |       |       ||    13
       Dagger            |   181 |    24 |       |       |       ||   205
       Whip              |     1 |       |       |       |       ||     1
       Punch             |     1 |       |     2 |    20 |     3 ||    26
       Spear             |       |    60 |       |       |       ||    60
       Double sword      |       |    12 |   294 |   313 |    87 ||   706
       Triple sword      |       |       |       |    19 |       ||    19
       Scimitar          |       |       |       |     3 |       ||     3
Throw: Throwing net      |       |       |       |       |     1 ||     1
Invok: Heroism           |       |       |     1 |     4 |     2 ||     7
  Use: Potion            |     4 |       |     1 |     3 |       ||     8
       Scroll            |       |     1 |     8 |    10 |       ||    19
 Stab: Sleeping          |     3 |       |       |       |       ||     3
       Invisible         |       |     1 |    41 |    73 |    15 ||   130
  Eat: Chunk             |     2 |     3 |     8 |    12 |     3 ||    28
       Ration            |       |       |     1 |     2 |       ||     3
Armor: Leather armour    |    12 |       |       |       |       ||    12
       Ring mail         |    67 |     8 |       |       |       ||    75
       Chain mail        |       |    16 |    76 |    61 |       ||   153
       Plate armour      |       |       |       |    54 |    38 ||    92
       Skin              |       |       |       |     3 |       ||     3
Dodge: Dodged            |    99 |    34 |   242 |   311 |    68 ||   754
Block: Other             |       |       |    13 |    42 |    20 ||    75
